Ducks vs Lightning

Created - Friday, November 27, 2015 at 08:38

Goals
1 2 3 T
Ducks 1 0 1 2
Lightning 1 1 1 3
Shots
1 2 3 T
Ducks 10 11 10 31
Lightning 10 10 9 29

1st period

1. Lightning , Ryan Strome 9 (Ryan Suter) at 4:02 (PP)
2. Ducks , Blake Comeau 2 (Nick Foligno, James Wisniewski) at 19:44

Penalties :
Drew Miller (Ana) for Slashing (Minor) at 2:08, Nick Foligno (Ana) for Holding Stick (Minor) at 7:29, Andrew MacWilliam (Ana) for Hooking (Minor) at 7:47, Dmitry Kulikov (TB ) for Interference (Minor) at 9:26, Dmitry Kulikov (TB ) for Hooking (Minor) at 15:21

2nd period

3. Lightning , Ryan Nugent-Hopkins 11 (Dmitry Kulikov, Carey Price) at 18:28

Penalties :
Michael Stone (TB ) for Tripping (Minor) at 3:29, Roman Polak (TB ) for Slashing (Minor) at 4:07, Marc Staal (Ana) for High sticking (Minor) at 13:40

3rd period

4. Lightning , Ondrej Palat 9 (Ryan Nugent-Hopkins, Ryan Suter) at 4:21 (PP)
5. Ducks , Tyler Bozak 7 (Nikita Kucherov) at 15:01

Penalties :
Nick Foligno (Ana) for High sticking (Minor) at 4:06, Jiri Tlusty (TB ) for Boarding (Minor) at 5:49, Nikita Kucherov (Ana) for Hooking (Minor) at 6:29, Andrew MacWilliam (Ana) for Tripping (Minor) at 15:27, Roman Polak (TB ) for Roughing (Minor) at 19:50

Goalie Stats

Jonathan Bernier (Ana), 26 saves from 29 shots - (0.897), L, 11-5-5, 59:03 minutes
Carey Price (TB ), 29 saves from 31 shots - (0.935), W, 9-6-3, 60:00 minutes

Players Stats for Ducks

Player Name              G  A  P  +/- PIM S  H  SB GA TA FO     MP     PP MP  PK MP  
------------------------------------------------------------------------------------
Andrew MacWilliam        0  0  0   1  4   3  5  2  0  1  0/0    20:16   4:21   1:22 
Antoine Vermette         0  0  0   0  0   1  0  1  0  1  6/12    8:47   0:06   3:31 
Blake Comeau             1  0  1   0  0   1  1  0  2  0  0/0     5:12   0:00   0:20 
Brad Richardson          0  0  0   0  0   3  0  0  4  0  1/2    12:01   0:00   0:00 
Brett Bellemore          0  0  0   0  0   0  0  0  0  1  0/0     2:31   0:00   0:00 
Drew Miller              0  0  0   0  2   1  1  0  0  0  0/0    12:00   0:00   0:00 
Henrik Sedin             0  0  0   0  0   5  1  0  3  0  11/20  15:44   3:23   1:20 
James Wisniewski         0  1  1   1  0   0  3  0  2  1  0/0    23:02   2:49   6:05 
Jean-Gabriel Pageau      0  0  0   0  0   2  1  1  4  0  6/9    12:01   0:00   0:00 
Johnny Boychuk           0  0  0   1  0   0  2  2  0  2  0/0    28:26   4:15   5:56 
Jonathan Huberdeau       0  0  0   1  0   1  1  0  3  1  0/0    18:14   3:35   0:00 
Korbinian Holzer         0  0  0  -1  0   1  2  3  1  2  0/0    14:35   0:00   2:01 
Marc Staal               0  0  0   1  2   1  1  1  1  1  0/0    18:32   2:49   2:07 
Matthew Carle            0  0  0  -1  0   0  0  0  2  2  0/0    13:34   0:00   0:00 
Nick Foligno             0  1  1   0  4   0  1  0  0  2  3/8    23:21   3:29   3:55 
Nikita Kucherov          0  1  1   1  2   4  1  0  0  1  0/2    18:51   3:34   0:00 
Patrick Kane             0  0  0   0  0   3  2  0  5  0  0/0    20:14   3:23   5:25 
Tyler Bozak              1  0  1   1  0   5  1  1  3  1  9/16   20:28   3:35   1:20 

Players Stats for Lightning

Player Name              G  A  P  +/- PIM S  H  SB GA TA FO     MP     PP MP  PK MP  
------------------------------------------------------------------------------------
Alex Chiasson            0  0  0   0  0   2  0  0  0  0  0/1     8:29   0:00   0:00 
Dave Bolland             0  0  0   0  0   1  1  0  2  0  5/9    12:48   0:00   3:32 
Derek MacKenzie          0  0  0   0  0   0  1  0  0  0  5/13   12:25   0:00   3:26 
Dmitry Kulikov           0  1  1   1  4   2  1  2  1  2  0/0    21:59   3:41   2:04 
Jiri Tlusty              0  0  0  -1  2   2  2  1  2  0  0/1    16:20   4:30   0:00 
John Mitchell            0  0  0  -1  0   1  1  0  0  3  9/15   16:48   4:30   0:00 
Leo Komarov              0  0  0   0  0   1  1  0  0  1  1/1    11:57   0:00   2:50 
Marc Methot              0  0  0   1  0   1  0  0  0  1  0/0    21:34   3:42   2:18 
Matt Calvert             0  0  0   0  0   0  1  1  3  0  1/1    11:51   0:00   2:46 
Michael Stone            0  0  0  -1  2   0  0  0  0  3  0/0    17:32   0:00   3:10 
Ondrej Palat             1  0  1   0  0   4  1  0  2  0  0/1    17:51   4:54   0:00 
Patric Hornqvist         0  0  0   0  0   2  2  1  1  0  2/3    17:59   4:14   0:06 
Roman Polak              0  0  0  -1  4   0  1  1  0  1  0/0    18:03   0:00   3:33 
Ryan Nugent-Hopkins      1  1  2   0  0   7  0  0  8  0  10/23  18:32   4:14   0:06 
Ryan Strome              1  0  1  -1  0   2  0  0  5  0  0/1    15:38   3:50   0:00 
Ryan Suter               0  2  2  -1  0   2  1  0  1  1  0/0    22:20   5:02   2:57 
Shawn Matthias           0  0  0   0  0   0  1  0  3  0  0/0     8:29   0:00   0:00 
Tyson Barrie             0  0  0  -1  0   2  0  0  0  3  0/0    19:15   5:02   0:06 

3 Stars

1 - Ryan Nugent-Hopkins (TB )
2 - Tyler Bozak (Ana)
3 - Ondrej Palat (TB )

Power Play

Ducks - 0 on 6 Attempt(s) - 0.00%
Lightning - 2 on 7 Attempt(s) - 28.57%

Penalty Kill

Ducks - 5 on 7 Attempt(s) - 71.43% - Score 0 goal in Penalty Kill
Lightning - 6 on 6 Attempt(s) - 100.00% - Score 0 goal in Penalty Kill

Team Stat

Ducks - Hits : 23 - Faceoff Wins : 36 - Blocked Shots : 11 - Penalty Minutes : 14
Lightning - Hits : 14 - Faceoff Wins : 33 - Blocked Shots : 6 - Penalty Minutes : 12

Official

Referees : Unknown
Linesman : Unknown

Game Notes

No Game Note

Finance

Level 1 -- Attendance: 5747 (95.78%) -- Ticket Income $431,025
Level 2 -- Attendance: 4802 (96.04%) -- Ticket Income $240,100
Level 3 -- Attendance: 2000 (100.00%) -- Ticket Income $50,000
Level 4 -- Attendance: 4000 (100.00%) -- Ticket Income $60,000
Luxury Box -- Attendance: 893 (89.30%) -- Ticket Income $156,275
Game was played at the St. Pete Times Forum.
Total Attendance: 17442 (96.90%)
Total Ticket Income: $937,400
Other Income: $459,326
Total Income: $1,396,726

Ducks

5 vs 5 Forward 
   Center                   Left Wing                Right Wing               Time % Phy DF OF 
 1 Henrik Sedin             Nick Foligno             Patrick Kane             36     1   2  2  
 2 Tyler Bozak              Jonathan Huberdeau       Nikita Kucherov          30     1   2  2  
 3 Antoine Vermette         Blake Comeau             Nick Foligno             21     1   2  2  
 4 Jean-Gabriel Pageau      Brad Richardson          Drew Miller              13     1   2  2  

5 vs 5 Defense 
   Defense                  Defense                                           Time % Phy DF OF 
 1 Johnny Boychuk           Andrew MacWilliam                                 35     1   2  2  
 2 James Wisniewski         Marc Staal                                        30     1   2  2  
 3 Korbinian Holzer         Matthew Carle                                     22     1   2  2  
 4 Johnny Boychuk           Brett Bellemore                                   13     1   2  2  

PowerPlay Forward 
   Center                   Left Wing                Right Wing               Time % Phy DF OF 
 1 Henrik Sedin             Nick Foligno             Patrick Kane             60     1   2  2  
 2 Tyler Bozak              Jonathan Huberdeau       Nikita Kucherov          40     1   2  2  

PowerPlay Defense
   Defense                  Defense                                           Time % Phy DF OF 
 1 Johnny Boychuk           Andrew MacWilliam                                 60     1   2  2  
 2 James Wisniewski         Marc Staal                                        40     1   2  2  

Penalty Kill 4 Players Forward 
   Center                   Wing                     Time % Phy DF OF 
 1 Nick Foligno             Patrick Kane             60     1   2  2  
 2 Henrik Sedin             Tyler Bozak              40     1   2  2  

Penalty Kill 4 Players Defense
   Defense                  Defense                  Time % Phy DF OF 
 1 Johnny Boychuk           Andrew MacWilliam        60     1   2  2  
 2 James Wisniewski         Marc Staal               40     1   2  2  

Penalty Kill - 3 Players Forward 
   Forward                                           Time % Phy DF OF 
 1 Nick Foligno                                      60     1   2  2  
 2 Patrick Kane                                      40     1   2  2  

Penalty Kill - 3 Players Defense
   Defense                  Defense                  Time % Phy DF OF 
 1 Johnny Boychuk           Korbinian Holzer         60     1   2  2  
 2 James Wisniewski         Marc Staal               40     1   2  2  

4 vs 4 Forward 
   Center                   Wing                     Time % Phy DF OF 
 1 Nick Foligno             Patrick Kane             60     1   2  2  
 2 Henrik Sedin             Tyler Bozak              40     1   2  2  

4 vs 4 Defense
   Defense                  Defense                  Time % Phy DF OF 
 1 Johnny Boychuk           Matthew Carle            60     1   2  2  
 2 James Wisniewski         Marc Staal               40     1   2  2  

Last Minutes Offensive
   Center                   Left Wing                Right Wing               Defense                  Defense                  
   Nick Foligno             Jonathan Huberdeau       Patrick Kane             Johnny Boychuk           Andrew MacWilliam        

Last Minutes Defensive
   Center                   Left Wing                Right Wing               Defense                  Defense                  
   Nick Foligno             Jonathan Huberdeau       Patrick Kane             Johnny Boychuk           Andrew MacWilliam        

Goaltenders
Starting : Jonathan Bernier         
Backup : Jhonas Enroth            

Extra Forwards
Normal : Antoine Vermette, Blake Comeau, Nick Foligno - PP : Antoine Vermette, Blake Comeau - PK : Nick Foligno
Extra Defensemen
Normal : Marc Staal, Johnny Boychuk, James Wisniewski - PP : Marc Staal - PK : Johnny Boychuk, James Wisniewski
Penalty Shots
Nick Foligno, Patrick Kane, Henrik Sedin, Tyler Bozak, Antoine Vermette

Lightning

5 vs 5 Forward 
   Center                   Left Wing                Right Wing               Time % Phy DF OF 
 1 Ryan Nugent-Hopkins      Ondrej Palat             Patric Hornqvist         30     0   2  3  
 2 John Mitchell            Jiri Tlusty              Ryan Strome              30     1   2  2  
 3 Dave Bolland             Shawn Matthias           Alex Chiasson            20     1   2  2  
 4 Derek MacKenzie          Matt Calvert             Leo Komarov              20     1   2  2  

5 vs 5 Defense 
   Defense                  Defense                                           Time % Phy DF OF 
 1 Ryan Suter               Tyson Barrie                                      34     1   2  2  
 2 Dmitry Kulikov           Marc Methot                                       33     1   2  2  
 3 Roman Polak              Michael Stone                                     33     1   2  2  
 4 Ryan Suter               Tyson Barrie                                      0      1   2  2  

PowerPlay Forward 
   Center                   Left Wing                Right Wing               Time % Phy DF OF 
 1 Ryan Nugent-Hopkins      Ondrej Palat             Patric Hornqvist         50     0   1  4  
 2 John Mitchell            Jiri Tlusty              Ryan Strome              50     1   1  3  

PowerPlay Defense
   Defense                  Defense                                           Time % Phy DF OF 
 1 Ryan Suter               Tyson Barrie                                      60     1   2  2  
 2 Dmitry Kulikov           Marc Methot                                       40     1   2  2  

Penalty Kill 4 Players Forward 
   Center                   Wing                     Time % Phy DF OF 
 1 Derek MacKenzie          Leo Komarov              50     1   4  0  
 2 Dave Bolland             Matt Calvert             50     1   4  0  

Penalty Kill 4 Players Defense
   Defense                  Defense                  Time % Phy DF OF 
 1 Roman Polak              Michael Stone            50     1   4  0  
 2 Ryan Suter               Marc Methot              50     1   4  0  

Penalty Kill - 3 Players Forward 
   Forward                                           Time % Phy DF OF 
 1 Derek MacKenzie                                   50     1   4  0  
 2 Dave Bolland                                      50     1   4  0  

Penalty Kill - 3 Players Defense
   Defense                  Defense                  Time % Phy DF OF 
 1 Roman Polak              Michael Stone            50     1   4  0  
 2 Ryan Suter               Marc Methot              50     1   4  0  

4 vs 4 Forward 
   Center                   Wing                     Time % Phy DF OF 
 1 Ryan Nugent-Hopkins      Patric Hornqvist         50     1   2  2  
 2 John Mitchell            Ondrej Palat             50     1   2  2  

4 vs 4 Defense
   Defense                  Defense                  Time % Phy DF OF 
 1 Ryan Suter               Tyson Barrie             50     1   2  2  
 2 Dmitry Kulikov           Marc Methot              50     1   2  2  

Last Minutes Offensive
   Center                   Left Wing                Right Wing               Defense                  Defense                  
   Ryan Nugent-Hopkins      Ondrej Palat             Patric Hornqvist         Ryan Suter               Tyson Barrie             

Last Minutes Defensive
   Center                   Left Wing                Right Wing               Defense                  Defense                  
   Dave Bolland             Matt Calvert             Leo Komarov              Ryan Suter               Roman Polak              

Goaltenders
Starting : Carey Price              
Backup : Mike Smith               

Extra Forwards
Normal : Ryan Nugent-Hopkins, Patric Hornqvist, Ondrej Palat - PP : Ryan Nugent-Hopkins, Patric Hornqvist - PK : Leo Komarov
Extra Defensemen
Normal : Ryan Suter, Dmitry Kulikov, Marc Methot - PP : Ryan Suter - PK : Roman Polak, Ryan Suter
Penalty Shots
Derek MacKenzie, Ryan Nugent-Hopkins, Dave Bolland, Tyson Barrie, Ondrej Palat

% Time on Ice - Ducks

Lines # - Real PCT - Wanted PCT - Time Play
Normal Forward
1 - 24% - 36% - 10:09
2 - 37% - 30% - 15:33
3 - 11% - 21% - 4:36
4 - 28% - 13% - 12:01
Normal Defense
1 - 34% - 35% - 14:17
2 - 31% - 30% - 13:10
3 - 29% - 22% - 12:21
4 - 6% - 13% - 2:31
PP Forward
1 - 49% - 60% - 3:29
2 - 51% - 40% - 3:35
PP Defense
1 - 60% - 60% - 4:15
2 - 40% - 40% - 2:49
PK Forward
1 - 81% - 60% - 5:45
2 - 19% - 40% - 1:20
PK Defense
1 - 48% - 60% - 3:22
2 - 52% - 40% - 3:43
PK3 Forward
1 - 100% - 60% - 1:41
2 - 0% - 40% - 0:00
PK3 Defense
1 - 77% - 60% - 1:18
2 - 23% - 40% - 0:23
44 Forward
1 - 100% - 60% - 1:37
2 - 0% - 40% - 0:00
44 Defense
1 - 75% - 60% - 1:13
2 - 25% - 40% - 0:24
Last Minute Offensive  - 0:14
Last Minute Defensive  - 0:00
Total
Forward - 60:00
Defense - 60:00

% Time on Ice - Lightning

Lines # - Real PCT - Wanted PCT - Time Play
Normal Forward
1 - 31% - 30% - 13:08
2 - 29% - 30% - 12:30
3 - 20% - 20% - 8:29
4 - 20% - 20% - 8:18
Normal Defense
1 - 34% - 34% - 14:13
2 - 34% - 33% - 14:36
3 - 32% - 33% - 13:36
4 - 0% - 0% - 0:00
PP Forward
1 - 48% - 50% - 4:14
2 - 52% - 50% - 4:30
PP Defense
1 - 58% - 60% - 5:02
2 - 42% - 40% - 3:42
PK Forward
1 - 52% - 50% - 2:57
2 - 48% - 50% - 2:46
PK Defense
1 - 78% - 50% - 4:27
2 - 22% - 50% - 1:16
PK3 Forward
1 - 43% - 50% - 0:35
2 - 57% - 50% - 0:46
PK3 Defense
1 - 100% - 50% - 1:21
2 - 0% - 50% - 0:00
44 Forward
1 - 73% - 50% - 1:12
2 - 27% - 50% - 0:27
44 Defense
1 - 41% - 50% - 0:41
2 - 59% - 50% - 0:58
Last Minute Offensive  - 0:00
Last Minute Defensive  - 0:08
Total
Forward - 60:00
Defense - 60:00

Play by Play

1st period


0:01 of 1st period - Henrik Sedin wins face-off versus Ryan Nugent-Hopkins in neutral zone.
0:16 of 1st period - Wrist shot by Ondrej Palat.
0:16 of 1st period - Deflect By Ryan Nugent-Hopkins.
0:16 of 1st period - Shot Misses the Net.
0:16 of 1st period - Puck is out of play.
0:17 of 1st period - Patric Hornqvist wins face-off versus Henrik Sedin in Ducks zone.
0:42 of 1st period - Snap shot by Ryan Nugent-Hopkins.
0:42 of 1st period - Stopped by Jonathan Bernier with a rebound.
1:02 of 1st period - John Mitchell is hit by Johnny Boychuk.
1:23 of 1st period - Snap shot by Jiri Tlusty.
1:23 of 1st period - Stopped by Jonathan Bernier with a rebound.
1:25 of 1st period - Slapshot by Dmitry Kulikov.
1:25 of 1st period - Stopped by Jonathan Bernier without a rebound.
1:26 of 1st period - Dave Bolland wins face-off versus Jean-Gabriel Pageau in Ducks zone.
1:37 of 1st period - Wrist shot by Dave Bolland.
1:37 of 1st period - Stopped by Jonathan Bernier with a rebound.
2:08 of 1st period - Minor Penalty to Drew Miller for Slashing.
2:09 of 1st period - Nick Foligno wins face-off versus Ryan Nugent-Hopkins in Ducks zone.
2:42 of 1st period - Wrist shot by Ryan Nugent-Hopkins.
2:42 of 1st period - Deflect By Ondrej Palat.
2:42 of 1st period - Shot Blocked by Andrew MacWilliam.
2:42 of 1st period - Puck is out of play.
2:43 of 1st period - Henrik Sedin wins face-off versus John Mitchell in Ducks zone.
4:02 of 1st period - Snap shot by Ryan Strome.
4:02 of 1st period - Goal by Ryan Strome - Ducks : 0 - Lightning : 1.
4:03 of 1st period - Derek MacKenzie wins face-off versus Antoine Vermette in neutral zone.
5:02 of 1st period - Korbinian Holzer is hit by Roman Polak and loses puck.
5:23 of 1st period - James Wisniewski is hit by Dave Bolland and loses puck.
5:49 of 1st period - Jiri Tlusty is hit by Jean-Gabriel Pageau and loses puck.
6:42 of 1st period - Icing by Johnny Boychuk.
6:43 of 1st period - Ryan Nugent-Hopkins wins face-off versus Tyler Bozak in Ducks zone.
6:46 of 1st period - Wrist shot by Ryan Nugent-Hopkins.
6:46 of 1st period - Stopped by Jonathan Bernier without a rebound.
6:47 of 1st period - Patric Hornqvist wins face-off versus Nikita Kucherov in Ducks zone.
6:52 of 1st period - Wrist shot by Ondrej Palat.
6:52 of 1st period - Stopped by Jonathan Bernier without a rebound.
6:53 of 1st period - Tyler Bozak wins face-off versus Ryan Nugent-Hopkins in Ducks zone.
7:00 of 1st period - Wrist shot by Tyler Bozak.
7:00 of 1st period - Stopped by Carey Price without a rebound.
7:01 of 1st period - Ryan Nugent-Hopkins wins face-off versus Henrik Sedin in Lightning zone.
7:29 of 1st period - Minor Penalty to Nick Foligno for Holding Stick.
7:30 of 1st period - Antoine Vermette wins face-off versus John Mitchell in Ducks zone.
7:34 of 1st period - Slapshot by Johnny Boychuk.
7:34 of 1st period - Shot Blocked by Jiri Tlusty.
7:47 of 1st period - Minor Penalty to Andrew MacWilliam for Hooking.
7:48 of 1st period - Antoine Vermette wins face-off versus Ryan Nugent-Hopkins in Ducks zone.
7:56 of 1st period - Snap shot by Antoine Vermette.
7:56 of 1st period - Stopped by Carey Price without a rebound.
7:57 of 1st period - Antoine Vermette wins face-off versus Ondrej Palat in Lightning zone.
7:58 of 1st period - Slapshot by Johnny Boychuk.
7:58 of 1st period - Shot Misses the Net.
8:00 of 1st period - Snap shot by Korbinian Holzer.
8:00 of 1st period - Stopped by Carey Price without a rebound.
8:01 of 1st period - Antoine Vermette wins face-off versus Ryan Nugent-Hopkins in Lightning zone.
8:16 of 1st period - Snap shot by Ryan Nugent-Hopkins.
8:16 of 1st period - Shot Blocked by Korbinian Holzer.
9:03 of 1st period - Snap shot by Ryan Strome.
9:03 of 1st period - Shot Misses the Net.
9:05 of 1st period - Slapshot by Dmitry Kulikov.
9:05 of 1st period - Stopped by Jonathan Bernier without a rebound.
9:06 of 1st period - John Mitchell wins face-off versus Antoine Vermette in Ducks zone.
9:26 of 1st period - Minor Penalty to Dmitry Kulikov for Interference.
9:27 of 1st period - Ryan Nugent-Hopkins wins face-off versus Antoine Vermette in Lightning zone.
9:29 of 1st period - Penalty to Nick Foligno is over, Nick Foligno is back on ice.
9:47 of 1st period - Penalty to Andrew MacWilliam is over, Andrew MacWilliam is back on ice.
9:52 of 1st period - Snap shot by Patric Hornqvist.
9:52 of 1st period - Stopped by Jonathan Bernier without a rebound.
9:53 of 1st period - Matt Calvert wins face-off versus Henrik Sedin in Ducks zone.
10:58 of 1st period - Wrist shot by Nikita Kucherov.
10:58 of 1st period - Shot Misses the Net.
11:26 of 1st period - Penalty to Dmitry Kulikov is over, Dmitry Kulikov is back on ice.
11:59 of 1st period - Slapshot by Jean-Gabriel Pageau.
11:59 of 1st period - Stopped by Carey Price without a rebound.
12:00 of 1st period - John Mitchell wins face-off versus Tyler Bozak in Lightning zone.
12:05 of 1st period - Andrew MacWilliam is hit by John Mitchell.
12:55 of 1st period - Snap shot by Ondrej Palat.
12:55 of 1st period - Shot Misses the Net.
12:57 of 1st period - Snap shot by Ryan Nugent-Hopkins.
12:57 of 1st period - Stopped by Jonathan Bernier without a rebound.
12:58 of 1st period - Jean-Gabriel Pageau wins face-off versus Ryan Nugent-Hopkins in Ducks zone.
13:05 of 1st period - Marc Methot is hit by Drew Miller and loses puck.
13:20 of 1st period - James Wisniewski is hit by Dmitry Kulikov and loses puck.
13:49 of 1st period - Patrick Kane is hit by Shawn Matthias and loses puck.
14:03 of 1st period - Snap shot by Patrick Kane.
14:03 of 1st period - Shot Misses the Net.
14:16 of 1st period - Icing by Patrick Kane.
14:17 of 1st period - Antoine Vermette wins face-off versus Derek MacKenzie in Ducks zone.
15:21 of 1st period - Minor Penalty to Dmitry Kulikov for Hooking.
15:22 of 1st period - Derek MacKenzie wins face-off versus Henrik Sedin in Lightning zone.
15:22 of 1st period - Derek MacKenzie is hit by Henrik Sedin.
15:26 of 1st period - Off-side.
15:27 of 1st period - Henrik Sedin wins face-off versus Derek MacKenzie in neutral zone.
15:30 of 1st period - Wrist shot by Patrick Kane.
15:30 of 1st period - Stopped by Carey Price without a rebound.
15:31 of 1st period - Henrik Sedin wins face-off versus Derek MacKenzie in Lightning zone.
15:42 of 1st period - Slapshot by Henrik Sedin.
15:42 of 1st period - Shot Misses the Net.
15:44 of 1st period - Wrist shot by Andrew MacWilliam.
15:44 of 1st period - Stopped by Carey Price with a rebound.
15:54 of 1st period - Wrist shot by Henrik Sedin.
15:54 of 1st period - Stopped by Carey Price with a rebound.
16:29 of 1st period - Leo Komarov is hit by James Wisniewski and loses puck.
16:37 of 1st period - Icing by Nikita Kucherov.
16:38 of 1st period - Tyler Bozak wins face-off versus Derek MacKenzie in Ducks zone.
17:21 of 1st period - Penalty to Dmitry Kulikov is over, Dmitry Kulikov is back on ice.
17:27 of 1st period - Wrist shot by Jonathan Huberdeau.
17:27 of 1st period - Stopped by Carey Price without a rebound.
17:28 of 1st period - John Mitchell wins face-off versus Tyler Bozak in Lightning zone.
18:18 of 1st period - Slapshot by Ondrej Palat.
18:18 of 1st period - Shot Blocked by Tyler Bozak.
19:03 of 1st period - Wrist shot by Jean-Gabriel Pageau.
19:03 of 1st period - Stopped by Carey Price without a rebound.
19:04 of 1st period - Henrik Sedin wins face-off versus Alex Chiasson in Lightning zone.
19:18 of 1st period - Icing by Roman Polak.
19:19 of 1st period - Dave Bolland wins face-off versus Henrik Sedin in Lightning zone.
19:24 of 1st period - Wrist shot by Shawn Matthias.
19:24 of 1st period - Deflect By Henrik Sedin.
19:24 of 1st period - Shot Misses the Net.
19:24 of 1st period - Puck is out of play.
19:25 of 1st period - John Mitchell wins face-off versus Antoine Vermette in Ducks zone.
19:42 of 1st period - Snap shot by James Wisniewski.
19:42 of 1st period - Shot Misses the Net.
19:44 of 1st period - Snap shot by Nick Foligno.
19:44 of 1st period - Deflect By Blake Comeau.
19:44 of 1st period - Goal by Blake Comeau - Ducks : 1 - Lightning : 1.
19:45 of 1st period - John Mitchell wins face-off versus Henrik Sedin in neutral zone.
Goals for this period are 1 for Ducks vs 1 for Lightning.
Shots for this period are 10 for Ducks vs 10 for Lightning.

2nd period


0:01 of 2nd period - Leo Komarov wins face-off versus Henrik Sedin in neutral zone.
0:20 of 2nd period - Marc Staal is hit by Matt Calvert and loses puck.
1:03 of 2nd period - Korbinian Holzer is hit by Ondrej Palat and loses puck.
1:10 of 2nd period - Backhand shot by Ryan Nugent-Hopkins.
1:10 of 2nd period - Stopped by Jonathan Bernier with a rebound.
1:12 of 2nd period - Snap shot by Ondrej Palat.
1:12 of 2nd period - Stopped by Jonathan Bernier with a rebound.
1:14 of 2nd period - Snap shot by Michael Stone.
1:14 of 2nd period - Shot Blocked by Korbinian Holzer.
1:16 of 2nd period - Slapshot by Ondrej Palat.
1:16 of 2nd period - Shot Blocked by Korbinian Holzer.
1:18 of 2nd period - Wrist shot by Ondrej Palat.
1:18 of 2nd period - Shot Misses the Net.
1:38 of 2nd period - Wrist shot by Jiri Tlusty.
1:38 of 2nd period - Stopped by Jonathan Bernier without a rebound.
1:39 of 2nd period - Jean-Gabriel Pageau wins face-off versus John Mitchell in Ducks zone.
1:41 of 2nd period - Icing by Brad Richardson.
1:42 of 2nd period - Jean-Gabriel Pageau wins face-off versus John Mitchell in Ducks zone.
3:10 of 2nd period - Slapshot by James Wisniewski.
3:10 of 2nd period - Shot Blocked by Roman Polak.
3:20 of 2nd period - Wrist shot by Ryan Nugent-Hopkins.
3:20 of 2nd period - Stopped by Jonathan Bernier with a rebound.
3:29 of 2nd period - Minor Penalty to Michael Stone for Tripping.
3:30 of 2nd period - Tyler Bozak wins face-off versus Dave Bolland in Lightning zone.
3:35 of 2nd period - Snap shot by Tyler Bozak.
3:35 of 2nd period - Shot Misses the Net.
3:37 of 2nd period - Slapshot by Andrew MacWilliam.
3:37 of 2nd period - Stopped by Carey Price with a rebound.
3:58 of 2nd period - Wrist shot by Tyler Bozak.
3:58 of 2nd period - Stopped by Carey Price without a rebound.
3:59 of 2nd period - Henrik Sedin wins face-off versus Derek MacKenzie in Lightning zone.
4:00 of 2nd period - Snap shot by Patrick Kane.
4:00 of 2nd period - Stopped by Carey Price with a rebound.
4:02 of 2nd period - Slapshot by James Wisniewski.
4:02 of 2nd period - Deflect By Henrik Sedin.
4:02 of 2nd period - Stopped by Carey Price with a rebound.
4:07 of 2nd period - Minor Penalty to Roman Polak for Slashing.
4:08 of 2nd period - Tyler Bozak wins face-off versus Derek MacKenzie in Lightning zone.
4:42 of 2nd period - Snap shot by Nikita Kucherov.
4:42 of 2nd period - Stopped by Carey Price with a rebound.
4:44 of 2nd period - Snap shot by Tyler Bozak.
4:44 of 2nd period - Stopped by Carey Price with a rebound.
4:46 of 2nd period - Snap shot by Tyler Bozak.
4:46 of 2nd period - Stopped by Carey Price with a rebound.
5:12 of 2nd period - Dmitry Kulikov is hit by Andrew MacWilliam and loses puck.
5:20 of 2nd period - Slapshot by James Wisniewski.
5:20 of 2nd period - Shot Misses the Net.
5:22 of 2nd period - Slapshot by Marc Staal.
5:22 of 2nd period - Deflect By Henrik Sedin.
5:22 of 2nd period - Stopped by Carey Price with a rebound.
5:29 of 2nd period - Penalty to Michael Stone is over, Michael Stone is back on ice.
5:48 of 2nd period - Tyler Bozak is hit by Derek MacKenzie and loses puck.
6:07 of 2nd period - Penalty to Roman Polak is over, Roman Polak is back on ice.
7:14 of 2nd period - Tyson Barrie is hit by Korbinian Holzer and loses puck.
7:50 of 2nd period - Snap shot by Ryan Nugent-Hopkins.
7:50 of 2nd period - Shot Blocked by Johnny Boychuk.
7:52 of 2nd period - Slapshot by Marc Methot.
7:52 of 2nd period - Stopped by Jonathan Bernier with a rebound.
7:54 of 2nd period - Snap shot by Patric Hornqvist.
7:54 of 2nd period - Shot Misses the Net.
7:56 of 2nd period - Slapshot by Marc Methot.
7:56 of 2nd period - Shot Blocked by Johnny Boychuk.
8:28 of 2nd period - Slapshot by James Wisniewski.
8:28 of 2nd period - Shot Blocked by Matt Calvert.
8:30 of 2nd period - Wrist shot by Brad Richardson.
8:30 of 2nd period - Stopped by Carey Price with a rebound.
8:32 of 2nd period - Snap shot by Marc Staal.
8:32 of 2nd period - Stopped by Carey Price without a rebound.
8:33 of 2nd period - Brad Richardson wins face-off versus Dave Bolland in Lightning zone.
8:44 of 2nd period - Wrist shot by Brad Richardson.
8:44 of 2nd period - Stopped by Carey Price without a rebound.
8:45 of 2nd period - Henrik Sedin wins face-off versus Dave Bolland in Lightning zone.
10:11 of 2nd period - Drew Miller is hit by Jiri Tlusty and loses puck.
10:19 of 2nd period - Icing by James Wisniewski.
10:20 of 2nd period - Jean-Gabriel Pageau wins face-off versus Ryan Nugent-Hopkins in Ducks zone.
10:27 of 2nd period - Wrist shot by Ryan Nugent-Hopkins.
10:27 of 2nd period - Shot Blocked by Jean-Gabriel Pageau.
11:18 of 2nd period - Andrew MacWilliam is hit by Leo Komarov and loses puck.
12:05 of 2nd period - Michael Stone is hit by Andrew MacWilliam and loses puck.
13:02 of 2nd period - Backhand shot by Shawn Matthias.
13:02 of 2nd period - Shot Misses the Net.
13:04 of 2nd period - Slapshot by Tyson Barrie.
13:04 of 2nd period - Stopped by Jonathan Bernier without a rebound.
13:05 of 2nd period - Dave Bolland wins face-off versus Nick Foligno in Ducks zone.
13:28 of 2nd period - Slapshot by Ryan Suter.
13:28 of 2nd period - Shot Misses the Net.
13:30 of 2nd period - Snap shot by Shawn Matthias.
13:30 of 2nd period - Shot Misses the Net.
13:32 of 2nd period - Wrist shot by Alex Chiasson.
13:32 of 2nd period - Stopped by Jonathan Bernier with a rebound.
13:34 of 2nd period - Wrist shot by Ryan Suter.
13:34 of 2nd period - Stopped by Jonathan Bernier with a rebound.
13:40 of 2nd period - Minor Penalty to Marc Staal for High sticking.
13:41 of 2nd period - Nick Foligno wins face-off versus Jiri Tlusty in Ducks zone.
13:56 of 2nd period - Johnny Boychuk is hit by Ryan Suter and loses puck.
14:07 of 2nd period - Jiri Tlusty is hit by Johnny Boychuk and loses puck.
14:56 of 2nd period - Off-side.
14:57 of 2nd period - John Mitchell wins face-off versus Antoine Vermette in neutral zone.
15:04 of 2nd period - Wrist shot by Ryan Strome.
15:04 of 2nd period - Shot Misses the Net.
15:28 of 2nd period - James Wisniewski is hit by Patric Hornqvist and loses puck.
15:40 of 2nd period - Penalty to Marc Staal is over, Marc Staal is back on ice.
15:51 of 2nd period - Dmitry Kulikov is hit by Blake Comeau and loses puck.
16:09 of 2nd period - Marc Methot is hit by Korbinian Holzer and loses puck.
16:42 of 2nd period - Icing by Johnny Boychuk.
16:43 of 2nd period - Derek MacKenzie wins face-off versus Jean-Gabriel Pageau in Ducks zone.
17:48 of 2nd period - Snap shot by John Mitchell.
17:48 of 2nd period - Stopped by Jonathan Bernier with a rebound.
17:50 of 2nd period - Slapshot by Tyson Barrie.
17:50 of 2nd period - Deflect By Jiri Tlusty.
17:50 of 2nd period - Shot Blocked by Marc Staal.
17:50 of 2nd period - Puck is out of play.
17:51 of 2nd period - Henrik Sedin wins face-off versus Ryan Nugent-Hopkins in Ducks zone.
18:28 of 2nd period - Snap shot by Ryan Nugent-Hopkins.
18:28 of 2nd period - Goal by Ryan Nugent-Hopkins - Ducks : 1 - Lightning : 2.
18:29 of 2nd period - Jean-Gabriel Pageau wins face-off versus John Mitchell in neutral zone.
18:57 of 2nd period - Off-side.
18:58 of 2nd period - Tyler Bozak wins face-off versus Ryan Nugent-Hopkins in neutral zone.
19:32 of 2nd period - Marc Methot is hit by Tyler Bozak and loses puck.
19:55 of 2nd period - Alex Chiasson is hit by Andrew MacWilliam and loses puck.
Goals for this period are 0 for Ducks vs 1 for Lightning.
Shots for this period are 11 for Ducks vs 10 for Lightning.

3rd period


0:01 of 3rd period - Henrik Sedin wins face-off versus Ryan Nugent-Hopkins in neutral zone.
0:31 of 3rd period - Snap shot by Patrick Kane.
0:31 of 3rd period - Deflect By Dmitry Kulikov.
0:31 of 3rd period - Shot Misses the Net.
0:31 of 3rd period - Puck is out of play.
0:32 of 3rd period - Tyler Bozak wins face-off versus John Mitchell in Lightning zone.
2:48 of 3rd period - Marc Methot is hit by Nick Foligno and loses puck.
3:22 of 3rd period - Wrist shot by Nikita Kucherov.
3:22 of 3rd period - Shot Blocked by Dmitry Kulikov.
3:24 of 3rd period - Slapshot by Matthew Carle.
3:24 of 3rd period - Shot Blocked by Dmitry Kulikov.
3:26 of 3rd period - Slapshot by Nikita Kucherov.
3:26 of 3rd period - Stopped by Carey Price with a rebound.
3:28 of 3rd period - Snap shot by Matthew Carle.
3:28 of 3rd period - Deflect By Jonathan Huberdeau.
3:28 of 3rd period - Shot Misses the Net.
3:28 of 3rd period - Puck is out of play.
3:29 of 3rd period - John Mitchell wins face-off versus Tyler Bozak in Lightning zone.
4:06 of 3rd period - Minor Penalty to Nick Foligno for High sticking.
4:07 of 3rd period - Ryan Nugent-Hopkins wins face-off versus Antoine Vermette in Ducks zone.
4:13 of 3rd period - Snap shot by Ryan Nugent-Hopkins.
4:13 of 3rd period - Shot Blocked by Antoine Vermette.
4:15 of 3rd period - Wrist shot by Patric Hornqvist.
4:15 of 3rd period - Stopped by Jonathan Bernier with a rebound.
4:17 of 3rd period - Wrist shot by Ryan Suter.
4:17 of 3rd period - Shot Misses the Net.
4:19 of 3rd period - Wrist shot by Ryan Nugent-Hopkins.
4:19 of 3rd period - Shot Misses the Net.
4:21 of 3rd period - Snap shot by Ondrej Palat.
4:21 of 3rd period - Goal by Ondrej Palat - Ducks : 1 - Lightning : 3.
4:22 of 3rd period - Ryan Nugent-Hopkins wins face-off versus Henrik Sedin in neutral zone.
5:20 of 3rd period - John Mitchell is hit by Nikita Kucherov and loses puck.
5:41 of 3rd period - Slapshot by Nikita Kucherov.
5:41 of 3rd period - Stopped by Carey Price with a rebound.
5:49 of 3rd period - Minor Penalty to Jiri Tlusty for Boarding.
5:50 of 3rd period - Henrik Sedin wins face-off versus Derek MacKenzie in Lightning zone.
6:29 of 3rd period - Minor Penalty to Nikita Kucherov for Hooking.
6:30 of 3rd period - John Mitchell wins face-off versus Nick Foligno in Ducks zone.
6:34 of 3rd period - Slapshot by Ryan Suter.
6:34 of 3rd period - Shot Misses the Net.
6:42 of 3rd period - Slapshot by Ryan Suter.
6:42 of 3rd period - Deflect By Ondrej Palat.
6:42 of 3rd period - Stopped by Jonathan Bernier without a rebound.
6:43 of 3rd period - John Mitchell wins face-off versus Nick Foligno in Ducks zone.
6:50 of 3rd period - Slapshot by Ryan Suter.
6:50 of 3rd period - Stopped by Jonathan Bernier without a rebound.
6:51 of 3rd period - Nick Foligno wins face-off versus Patric Hornqvist in Ducks zone.
6:56 of 3rd period - Snap shot by Nick Foligno.
6:56 of 3rd period - Shot Blocked by Patric Hornqvist.
7:07 of 3rd period - Icing by Dmitry Kulikov.
7:08 of 3rd period - Ryan Nugent-Hopkins wins face-off versus Nick Foligno in Lightning zone.
7:49 of 3rd period - Penalty to Jiri Tlusty is over, Jiri Tlusty is back on ice.
7:59 of 3rd period - Jiri Tlusty is hit by James Wisniewski and loses puck.
8:12 of 3rd period - Marc Staal is hit by Jiri Tlusty.
8:26 of 3rd period - Slapshot by Henrik Sedin.
8:26 of 3rd period - Stopped by Carey Price with a rebound.
8:29 of 3rd period - Penalty to Nikita Kucherov is over, Nikita Kucherov is back on ice.
8:40 of 3rd period - Leo Komarov is hit by Andrew MacWilliam and loses puck.
8:59 of 3rd period - Slapshot by Tyson Barrie.
8:59 of 3rd period - Deflect By Matt Calvert.
8:59 of 3rd period - Shot Misses the Net.
8:59 of 3rd period - Puck is out of play.
9:00 of 3rd period - Dave Bolland wins face-off versus Jean-Gabriel Pageau in Ducks zone.
9:31 of 3rd period - Wrist shot by Tyson Barrie.
9:31 of 3rd period - Shot Misses the Net.
10:29 of 3rd period - Off-side.
10:30 of 3rd period - Antoine Vermette wins face-off versus Derek MacKenzie in neutral zone.
10:58 of 3rd period - Icing by Derek MacKenzie.
10:59 of 3rd period - Derek MacKenzie wins face-off versus Brad Richardson in Lightning zone.
10:59 of 3rd period - Derek MacKenzie is hit by James Wisniewski.
11:33 of 3rd period - Marc Methot is hit by Marc Staal and loses puck.
12:18 of 3rd period - Slapshot by Ryan Strome.
12:18 of 3rd period - Stopped by Jonathan Bernier without a rebound.
12:19 of 3rd period - Ryan Nugent-Hopkins wins face-off versus Tyler Bozak in Ducks zone.
12:34 of 3rd period - Snap shot by Ryan Nugent-Hopkins.
12:34 of 3rd period - Stopped by Jonathan Bernier with a rebound.
12:36 of 3rd period - Slapshot by Patric Hornqvist.
12:36 of 3rd period - Shot Blocked by Andrew MacWilliam.
12:38 of 3rd period - Slapshot by Tyson Barrie.
12:38 of 3rd period - Stopped by Jonathan Bernier with a rebound.
13:00 of 3rd period - Tyson Barrie is hit by Jonathan Huberdeau and loses puck.
13:20 of 3rd period - Wrist shot by Brad Richardson.
13:20 of 3rd period - Shot Misses the Net.
13:26 of 3rd period - Slapshot by Drew Miller.
13:26 of 3rd period - Stopped by Carey Price without a rebound.
13:27 of 3rd period - Jean-Gabriel Pageau wins face-off versus Dave Bolland in Lightning zone.
14:19 of 3rd period - Slapshot by Jiri Tlusty.
14:19 of 3rd period - Shot Misses the Net.
14:36 of 3rd period - Dmitry Kulikov is hit by Patrick Kane and loses puck.
14:41 of 3rd period - Snap shot by Patrick Kane.
14:41 of 3rd period - Stopped by Carey Price with a rebound.
14:47 of 3rd period - Snap shot by Henrik Sedin.
14:47 of 3rd period - Stopped by Carey Price without a rebound.
14:48 of 3rd period - Tyler Bozak wins face-off versus Ryan Nugent-Hopkins in Lightning zone.
14:49 of 3rd period - Wrist shot by Nikita Kucherov.
14:49 of 3rd period - Shot Misses the Net.
14:51 of 3rd period - Wrist shot by Nikita Kucherov.
14:51 of 3rd period - Stopped by Carey Price with a rebound.
14:53 of 3rd period - Slapshot by Andrew MacWilliam.
14:53 of 3rd period - Stopped by Carey Price without a rebound.
14:54 of 3rd period - Tyler Bozak wins face-off versus Ryan Nugent-Hopkins in Lightning zone.
15:01 of 3rd period - Snap shot by Tyler Bozak.
15:01 of 3rd period - Goal by Tyler Bozak - Ducks : 2 - Lightning : 3.
15:02 of 3rd period - Tyler Bozak wins face-off versus Ryan Nugent-Hopkins in neutral zone.
15:12 of 3rd period - Icing by Ryan Nugent-Hopkins.
15:13 of 3rd period - Ryan Nugent-Hopkins wins face-off versus Tyler Bozak in Lightning zone.
15:27 of 3rd period - Minor Penalty to Andrew MacWilliam for Tripping.
15:28 of 3rd period - Ryan Nugent-Hopkins wins face-off versus Nick Foligno in Ducks zone.
15:29 of 3rd period - Slapshot by Ondrej Palat.
15:29 of 3rd period - Shot Misses the Net.
17:19 of 3rd period - Wrist shot by Ryan Strome.
17:19 of 3rd period - Deflect By Jiri Tlusty.
17:19 of 3rd period - Shot Misses the Net.
17:19 of 3rd period - Puck is out of play.
17:20 of 3rd period - Henrik Sedin wins face-off versus Ryan Strome in Ducks zone.
17:27 of 3rd period - Penalty to Andrew MacWilliam is over, Andrew MacWilliam is back on ice.
17:45 of 3rd period - Slapshot by Ryan Suter.
17:45 of 3rd period - Shot Misses the Net.
17:53 of 3rd period - Wrist shot by Alex Chiasson.
17:53 of 3rd period - Stopped by Jonathan Bernier with a rebound.
17:59 of 3rd period - Alex Chiasson is hit by Andrew MacWilliam and loses puck.
18:33 of 3rd period - Snap shot by Brad Richardson.
18:33 of 3rd period - Stopped by Carey Price without a rebound.
18:34 of 3rd period - Derek MacKenzie wins face-off versus Tyler Bozak in Lightning zone.
18:39 of 3rd period - Snap shot by Leo Komarov.
18:39 of 3rd period - Stopped by Jonathan Bernier without a rebound.
18:40 of 3rd period - Ryan Nugent-Hopkins wins face-off versus Nikita Kucherov in Ducks zone.
19:03 of 3rd period - Ducks, Jonathan Bernier is pulled from the net.
19:17 of 3rd period - Tyler Bozak is hit by Patric Hornqvist and loses puck.
19:50 of 3rd period - Minor Penalty to Roman Polak for Roughing.
19:51 of 3rd period - Dave Bolland wins face-off versus Henrik Sedin in Lightning zone.
19:51 of 3rd period - Dave Bolland is hit by Patrick Kane.
Goals for this period are 1 for Ducks vs 1 for Lightning.
Shots for this period are 10 for Ducks vs 9 for Lightning.